 Dungeon Crawl Stone Soup version 0.22-a0-231-g1b571ea (webtiles) character file.

310 varam the Grave Robber (level 6, -2/41 HPs)
             Began as a Demonspawn Necromancer on Feb 20, 2018.
             Was a Follower of Yredelemnul.
             Slain by Amnesiac's ghost (6 damage)
             ... on level 4 of the Dungeon.
             The game lasted 00:09:15 (3765 turns).

varam the Grave Robber (Demonspawn Necromancer)     Turns: 3765, Time: 00:09:16

Health: -2/41      AC:  2    Str:  9    XL:     6   Next: 18%
Magic:  11/11      EV: 12    Int: 18    God:    Yredelemnul [*.....]
Gold:   105        SH:  0    Dex: 13    Spells: 3/11 levels left

rFire    . . .     SeeInvis .     - Unarmed
rCold    + . .     Gourm    .   (no shield)
rNeg     . . .     Faith    .   a - +0 robe
rPois    .         Spirit   .   (no helmet)
rElec    .         Reflect  .   (no cloak)
rCorr    .         Harm     .   (no gloves)
MR       .....                  (no boots)
Stlth    +++.......             (no amulet)
HPRegen  0.13/turn              o - ring of protection from cold
MPRegen  0.12/turn              p - ring of flight

@: no status effects
A: claws 2, nightstalker 1
a: Animate Remains, Renounce Religion, Evoke Flight


You were on level 4 of the Dungeon.
You worshipped Yredelemnul.
Yredelemnul was aware of your devotion.
You were not hungry.

You visited 1 branch of the dungeon, and saw 4 of its levels.

You collected 105 gold pieces.

Inventory:

Hand Weapons
 l - a +1 dagger of draining
Armour
 a - a +0 robe (worn)
 f - a +0 shield
Jewellery
 o - a ring of protection from cold (left claw)
 p - a ring of flight (right claw)
Scrolls
 d - 4 scrolls of identify {unknown}
 e - 3 scrolls of remove curse {unknown}
 i - 2 scrolls of random uselessness {unknown}
 k - a scroll of magic mapping {unknown}
 q - a scroll of fog {unknown}
 r - a scroll of enchant armour {unknown}
Potions
 c - a potion of flight {unknown}
 g - a potion of magic {unknown}
 h - a potion of haste {unknown}
 j - a potion of heal wounds {unknown}
 m - a potion of degeneration {unknown}
 n - a potion of resistance {unknown}
Comestibles
 b - 6 rations
 s - 8 chunks of flesh


   Skills:
 - Level 1.7 Dodging
 - Level 1.7 Stealth
 + Level 1.2 Unarmed Combat
 - Level 3.4 Spellcasting
 * Level 7.2 Necromancy


You had 3 spell levels left.
You knew the following spells:

 Your Spells              Type           Power        Failure   Level  Hunger
a - Pain                  Necr           ####         1%          1    None
b - Animate Dead          Necr           N/A          8%          4    ####...
d - Regeneration          Chrm/Necr      ###.......   11%         3    ###....


Dungeon Overview and Level Annotations

Branches:
Dungeon (4/15)
 Temple: D:4-7

Altars:
Yredelemnul

Annotations:
D:3 EnegeticOcto's ghost, amateur DrCj; Sigmund
D:4 Amnesiac's ghost, amateur SpAr


Innate Abilities, Weirdness & Mutations

You have very sharp fingernails.
You are slightly more attuned to the shadows.


Message History

Amnesiac's ghost hits you but does no damage.
You completely miss Amnesiac's ghost.
Amnesiac's ghost is almost destroyed.
Amnesiac's ghost hits you.
* * * LOW HITPOINT WARNING * * *
You closely miss Amnesiac's ghost.
Amnesiac's ghost is almost destroyed.
Amnesiac's ghost misses you.
You closely miss Amnesiac's ghost.
Amnesiac's ghost is almost destroyed.
Amnesiac's ghost completely misses you.
You miss Amnesiac's ghost.
Amnesiac's ghost is almost destroyed.
Amnesiac's ghost hits you.
* * * LOW HITPOINT WARNING * * *
You miss Amnesiac's ghost.
Amnesiac's ghost is almost destroyed.
Amnesiac's ghost hits you.
You die...
Your body rises from the dead as a mindless zombie.

#.# #.# #)# #.# #.# #.#
#.# #W# #@# #####.#
###)....# ###########
........# #...........
#......######...........
'......Z.(.()...........
#.......#####...........
#....##.# #...........
..... #.# #...........


You could see Amnesiac's ghost.

Vanquished Creatures
  An ogre (D:4)
  A howler monkey (D:4)
  Jessica (D:3)
  An iguana (D:4)
  A gnoll (D:1)
  7 adders
  2 oozes (D:1)
  An adder skeleton (D:4)
  2 worms (D:2)
  2 leopard geckos
  3 orcs (D:4)
  4 bats
  A giant cockroach (D:2)
  7 goblins
  3 hobgoblins
  2 quokkas (D:4)
  3 frilled lizards
  7 kobolds
  8 rats
57 creatures vanquished.

Vanquished Creatures (collateral kills)
  Natasha (D:4)
  3 orcs (D:4)
4 creatures vanquished.

Grand Total: 61 creatures vanquished

Notes
Turn   | Place    | Note
-------+----------+-------------------------------------------
     0 | D:1      | varam the Demonspawn Necromancer began the quest for the Orb.
     0 | D:1      | Reached XP level 1. HP: 13/13 MP: 3/3
   751 | D:2      | Gained mutation: You have sharp fingernails. [demonic ancestry]
   751 | D:2      | Reached XP level 2. HP: 19/19 MP: 5/5
   834 | D:2      | Found a basalt altar of Yredelemnul.
  1050 | D:2      | Became a worshipper of Yredelemnul the Dark
  1139 | D:2      | Reached skill level 5 in Necromancy
  1181 | D:2      | Reached XP level 3. HP: 13/24 MP: 0/6
  1743 | D:1      | HP: 2/24 [ooze (2)]
  2100 | D:1      | Gained mutation: You have very sharp fingernails. [demonic ancestry]
  2100 | D:1      | Reached XP level 4. HP: 29/30 MP: 5/8
  2327 | D:2      | Reached * piety under Yredelemnul
  2370 | D:3      | Noticed EnegeticOcto's ghost (amateur DrCj)
  2595 | D:2      | Reached skill level 3 in Spellcasting
  2963 | D:3      | Noticed Jessica
  2967 | D:3      | Killed Jessica
  2967 | D:3      | Reached skill level 6 in Necromancy
  3079 | D:3      | Noticed Sigmund
  3118 | D:4      | Gained mutation: You are slightly more attuned to the shadows. [demonic ancestry]
  3118 | D:4      | Reached XP level 5. HP: 28/35 MP: 6/9
  3246 | D:4      | Learned a level 4 spell: Animate Dead
  3250 | D:4      | Learned a level 3 spell: Regeneration
  3509 | D:4      | Noticed an ogre
  3606 | D:4      | Killed an ogre
  3606 | D:4      | Reached skill level 1 in Unarmed Combat
  3606 | D:4      | Reached skill level 7 in Necromancy
  3606 | D:4      | Reached XP level 6. HP: 21/41 MP: 1/11
  3652 | D:4      | Noticed Natasha
  3684 | D:4      | Killed Natasha
  3738 | D:4      | Noticed Amnesiac's ghost (amateur SpAr)
  3759 | D:4      | HP: 3/41 [Amnesiac's ghost (5)]
  3765 | D:4      | Slain by Amnesiac's ghost

Vault maps used:
D:1:      elethiomel_arrival_maze
D:2:      old_standard_altar
D:3:      dk_vineyard_1, uniq_jessica, uniq_sigmund, uniq_robin
D:4:      minmay_wonky_spiral, first_ration, uniq_natasha

Skill      XL: |  1  2  3  4  5 |
---------------+----------------+-----
Necromancy     | 5 6 7 |  7.2
Spellcasting   | 3 |  3.4
Unarmed Combat | 1 |  1.2
Dodging        | |  1.7
Stealth        | |  1.7

Action                   |  1- 3 |  4- 6 || total
-------------------------+-------+-------++-------
Melee: Unarmed           |     6 |    47 ||    53
       Dagger            |    20 |    33 ||    53
       Spear             |    22 |       ||    22
       Punch             |       |     1 ||     1
 Cast: Pain              |    51 |    54 ||   105
       Animate Dead      |       |     2 ||     2
 Stab: Sleeping          |     7 |     2 ||     9
  Eat: Chunk             |     4 |     6 ||    10
Armor: Robe              |     8 |    14 ||    22
Dodge: Dodged            |    35 |    66 ||   101

Table legend:
 A = Spawn XP
 B = Non-spawn XP
 C = Spawn XP percentage of total XP
 D = Spawn monster count
 E = Non-spawn monster count
 F = Spawn count percentage of total count
 G = Total turns spent on level
                    A         B        C        D         E        F      G
               +---------+---------+-------+---------+---------+-------+---------
         Total |       0 |     444 |   0.0 |       0 |      61 |   0.0 |  3765
               +---------+---------+-------+---------+---------+-------+---------
           D:1 |       0 |      46 |   0.0 |       0 |      14 |   0.0 |  1368
           D:2 |       0 |      96 |   0.0 |       0 |      26 |   0.0 |  1102
           D:3 |       0 |      43 |   0.0 |       0 |       5 |   0.0 |   613
           D:4 |       0 |     259 |   0.0 |       0 |      16 |   0.0 |   682
               +---------+---------+-------+---------+---------+-------+---------
